 Dungeon Crawl Stone Soup version 0.30.0-29-ga12c61a403 (webtiles) character file.

Game seed: 6709408515773029118

474 GeoRichter the Cutter (level 6, -6/30 HPs)
             Began as a Spriggan Brigand on June 20, 2023.
             Killed from afar by an orc wizard (8 damage)
             ... with a puff of flame
             ... on level 4 of the Dungeon.
             The game lasted 00:13:42 (3670 turns).

GeoRichter the Cutter (Spriggan Brigand)            Turns: 3670, Time: 00:13:43

Health: -6/30      AC:  4    Str:  7      XL:     6   Next: 84%
Magic:  0/7        EV: 16    Int: 14      God:
Gold:   180        SH:  0    Dex: 16 (17) Spells: 5/5 levels left

rFire   . . .        b - +1 rapier (drain)
rCold   . . .        (no shield)
rNeg    . . .        g - +0 robe
rPois   .            n - +1 hat
rElec   .            c - +0 cloak
rCorr   .            (gloves unavailable)
SInv    +            (boots unavailable)
Will    +....        m - amulet of guardian spirit
Stlth   ++++         (no ring)
HPRegen 0.25/turn    (no ring)
MPRegen 0.10/turn

%: guardian spirit
@: very quick
A: very small, no large weapons, unfitting armour, see invisible, speed 3
a: no special abilities


You were on level 4 of the Dungeon.
You visited 1 branch of the dungeon, and saw 4 of its levels.

You collected 180 gold pieces.

Inventory:

Hand Weapons
 a - a +2 dagger
 b - a +1 rapier of draining (weapon)
 z - a +0 sling
Missiles
 d - 13 poisoned darts (quivered)
 e - 3 curare-tipped darts
 x - 3 datura-tipped darts
 y - a throwing net
Armour
 c - a +0 cloak (worn)
 g - a +0 robe (worn)
 n - a +1 hat (worn)
Jewellery
 m - an amulet of guardian spirit (around neck)
Wands
 f - a wand of paralysis (11)
 u - a wand of roots (14)
Scrolls
 h - a scroll of torment {unknown}
 i - 2 scrolls of blinking {unknown}
 j - 9 scrolls of identify
 l - a scroll of teleportation {unknown}
 r - 2 scrolls of fog {unknown}
 w - a scroll of acquirement {unknown}
Potions
 k - 2 potions of brilliance
 o - a potion of curing
 p - 2 potions of degeneration {unknown}
 q - 3 potions of mutation
 s - a potion of cancellation {unknown}
 t - a potion of flight {unknown}
 v - a potion of haste
 A - a potion of invisibility {unknown}
 B - a potion of resistance {unknown}
 C - a potion of might {unknown}


   Skills:
 - Level 1.5 Fighting
 * Level 7.2 Short Blades
 - Level 2.0 Throwing
 - Level 1.3 Dodging
 - Level 7.0 Stealth
 + Level 2.8 Evocations


You had 5 spell levels left.
You didn't know any spells.
Your spell library contained the following spells:

 Spells                   Type           Power      Damage    Failure   Level
 Beastly Appendage        Tmut           0%         N/A       28%         1
 Sublimation of Blood     Necr           0%         N/A       41%         2
 Wereblood                Tmut           0%         N/A       41%         2
 Ozocubu's Armour         Ice            0%         N/A       65%         3
 Spider Form              Tmut/Pois      0%         N/A       65%         3
 Petrify                  Tmut/Erth      0%         N/A       96%         4
 Irradiate                Conj/Tmut      0%         3d11      100%        5
 Ozocubu's Refrigeration  Ice            0%         4d7       100%        7


Dungeon Overview and Level Annotations

Branches:
Dungeon (4/15)
 Temple: D:4-7

Altars:

Shops:
D:2 (

Annotations:
D:2 Grinder, Sigmund


Innate Abilities, Weirdness & Mutations

You are very small and have problems with some larger weapons.
You are too small for most types of armour.
You have supernaturally acute eyesight. (SInv)
You cover ground extremely quickly. (Speed+++)


Message History

You miss the phantom.
The phantom is lightly damaged.
The phantom misses you.
You closely miss the phantom.
The phantom is lightly damaged.
The phantom closely misses you.
You barely miss the phantom.
The phantom is lightly damaged.
The phantom closely misses you.
You hit the phantom.
The phantom is moderately damaged.
You hit the phantom.
The phantom is heavily damaged.
The phantom barely misses you.
You hit the phantom. Your punch misses the phantom.
The phantom is heavily damaged.
The phantom hits you.
You miss the phantom.
The phantom is heavily damaged.
The phantom hits you.
You hit the phantom.
The phantom is severely damaged.
The phantom hits you.
The phantom blinks!
You blink.
An orc priest comes into view. It is wielding a +0 whip.
You closely miss the phantom.
The phantom is severely damaged.
The phantom hits you but does no damage.
The orc shouts!
The orc hits you with a +0 club.
You hear a shout!
The orc shouts!
You closely miss the phantom.
The phantom is severely damaged.
The phantom hits you.
The phantom blinks!
You blink.
You are too injured to fight recklessly!
The orc priest invokes the aid of Beogh against you.
Beogh smites you!
* * * LOW HITPOINT WARNING * * *
The orc wizard casts a spell at you. The puff of flame hits you!
You die...

.###..##....##....#....#
..###.##....##...o#...#
#.###..####.......#o..#
S)....................#
##.######.#........o..####.##
#..........##.....W........#
####.#.##..##...K.....####.#
...#..##...<........####.##
######.####...@.........#..####
#......รท...#........##.#...
#...........#..###........#
#.............## #......#..
..........#....# ####......
..............#..### #...)..
....####.###...#....# ##.....
#.#.........)#......#####.....
#............#..........#.....


You could see a phantom, an orc priest, an orc wizard, an orc and a kobold.

Vanquished Creatures
  Eustachio (D:3)
  A quasit (D:3)
  2 orc wizards (D:3)
  Ijyb (D:3)
  An iguana (D:4)
  3 gnolls (D:3)
  4 adders
  A white imp (D:4)
  An ufetubus (D:3)
  A worm (D:2)
  3 dart slugs
  8 orcs
  8 bats
  10 endoplasms
  5 giant cockroaches
  5 goblins
  10 hobgoblins
  6 jackals
  2 quokkas (D:1)
  8 ball pythons
  2 frilled lizards
  8 kobolds
  4 rats
95 creatures vanquished.

Notes
Turn   | Place    | Note
-------+----------+-------------------------------------------
     0 | D:1      | GeoRichter the Spriggan Brigand began the quest for the
                  | Orb.
     0 | D:1      | Reached XP level 1. HP: 10/10 MP: 2/2
   121 | D:1      | Reached XP level 2. HP: 11/14 MP: 3/3
   406 | D:1      | Reached XP level 3. HP: 18/18 MP: 4/4
   621 | D:2      | Found Neranubi's Antique Weapon Shoppe.
  1212 | D:2      | Reached XP level 4. HP: 18/22 MP: 3/5
  1313 | D:2      | Noticed Sigmund
  1572 | D:3      | Noticed Grinder
  1697 | D:3      | Noticed Ijyb
  1701 | D:3      | Killed Ijyb
  1940 | D:3      | Paralysed by Grinder for 2 turns
  2041 | D:3      | Reached skill level 5 in Short Blades
  2041 | D:3      | Reached XP level 5. HP: 16/25 MP: 4/6
  2282 | D:3      | Paralysed by Grinder for 3 turns
  2807 | D:4      | Noticed a phantom
  3109 | D:4      | Noticed Eustachio
  3265 | D:3      | Killed Eustachio
  3266 | D:3      | Reached XP level 6. HP: 23/30 MP: 7/7
  3670 | D:4      | Killed from afar by an orc wizard

Illustrated notes

Levels and vault maps discovered:
D:1:      co_arrival_random_square_maze, layout_rooms, minmay_misc_feat_hallway,
          hangedman_decor_clover_reticule
D:2:      layout_basic, serial_shops, nicolae_shop_hallway_stairs, uniq_sigmund
D:3:      layout_rooms, uniq_grinder, uniq_ijyb
D:4:      layout_rooms, serial_demonic, serial_demonic_g, serial_demonic_b,
          serial_demonic_d, serial_demonic_d, minmay_increasing_density,
          uniq_eustachio

Skill      XL: |  1  2  3  4  5 |
---------------+----------------+-----
Stealth        | 6 7 |  7.0
Short Blades   | 4 5 7 |  7.2
Evocations     | 2 |  2.8
Fighting       | |  1.5
Throwing       | |  2.0
Dodging        | |  1.3

Action                     |  1- 3 |  4- 6 || total
---------------------------+-------+-------++-------
  Melee: Dagger            |    99 |   223 ||   322
         Punch             |     2 |       ||     2
         Rapier            |       |    42 ||    42
   Fire: Sling             |    23 |    19 ||    42
  Throw: Dart              |       |     9 ||     9
  Evoke: Wand              |       |     3 ||     3
    Use: Potion            |       |     3 ||     3
         Scroll            |       |     1 ||     1
   Stab: Distracted        |     2 |       ||     2
         Sleeping          |     9 |    12 ||    21
         Paralysed         |       |     1 ||     1
 Armour: Robe              |    17 |    63 ||    80
  Dodge: Dodged            |    75 |   251 ||   326
